 Dungeon Crawl Stone Soup version 0.19-a0-517-gd6a9987 (webtiles) character file.

616000 hypermopl the Devastator (level 25, -1/207 (213) HPs)
             Began as a Demigod Venom Mage on June 2, 2016.
             Slain by a vault warden
             ... wielding a +0 dire flail
              (35 damage)
             ... on level 5 of the Vaults on June 6, 2016.
             The game lasted 06:47:14 (77071 turns).

hypermopl the Devastator (Demigod Venom Mage)      Turns: 77071, Time: 06:47:15

HP:   -1/207 (213)  AC: 11    Str:  8    XL:     25   Next: 11%
MP:   5/58          EV: 32    Int: 35    God:
Gold: 5751          SH:  0    Dex: 18    Spells: 12 memorised, 3 levels left

rFire  + . .     SeeInvis .     b - staff of energy
rCold  + + .     Gourm    +     h - +1 robe {Archmagi}
rNeg   + . .     Faith    .     (no shield)
rPois  +         Spirit   .     s - -2 hat of the Alchemist {rElec rPois rF+ rC+ rN+ MR+ rMut rCorr}
rElec  +         Dismiss  .     E - +2 cloak {MR+}
rCorr  +         Reflect  .     F - +2 pair of gloves of Greed {MR++ Str-3}
rMut   +         Harm     .     t - +1 pair of boots
SustAt +                        P - amulet of the gourmand
MR     +++++                    N - ring "Ofesiegga" {rC+ MP+9}
Stlth  ++........               i - ring of Shaolin {EV+8, =R}

@: deflect missiles, almost entirely resistant to hostile enchantments,
unstealthy
A: talons 1, agile 1, high mp 1, sustain attributes
a: no special abilities
}: 4/15 runes: decaying, serpentine, slimy, silver


You were on level 5 of the Vaults.
You were completely stuffed.

You visited 11 branches of the dungeon, and saw 56 of its levels.
You also visited: Sewer, Bailey and Ice Cave.

You collected 8042 gold pieces.
You spent 2291 gold pieces at shops.

Inventory:

Hand Weapons
 X - a +6 double sword of freezing
Missiles
 R - 8 throwing nets (quivered)
Armour
 h - a +1 robe of the Archmagi (worn)
 s - the -2 hat of the Alchemist (worn) {rElec rPois rF+ rC+ rN+ MR+ rMut rCorr}
   (You found it on level 12 of the Dungeon)

   It protects you from fire.
   It protects you from cold.
   It insulates you from electricity.
   It protects you from poison.
   It protects you from negative energy.
   It affects your resistance to hostile enchantments.
   It protects you from acid and corrosion.
   It protects you from mutation.
 t - a +1 pair of boots (worn)
 E - a +2 cloak of magic resistance (worn)
 F - the +2 pair of gloves of Greed (worn) {MR++ Str-3}
   (You found it on level 12 of the Dungeon)

   It affects your strength (-3).
   It affects your resistance to hostile enchantments.
Magical Staves
 a - an uncursed staff of conjuration
 b - an uncursed staff of energy (weapon)
Jewellery
 d - a +4 amulet of reflection
 i - the ring of Shaolin (left hand) {EV+8, =R}
   (You found it on level 2 of the Vaults)

   [ring of evasion]

   It affects your evasion (+8).
 G - an uncursed ring of flight
 N - the ring "Ofesiegga" (right hand) {rC+ MP+9}
   (You found it on level 15 of the Dungeon)

   [ring of magical power]

   It protects you from cold.
   It affects your magic capacity (+9).
 P - an amulet of the gourmand (around neck)
 Z - the ring "Ofetoqag" {rElec rN+ SInv}
   (You found it on level 3 of the Crypt)

   [ring of positive energy]

   It insulates you from electricity.
   It protects you from negative energy.
   It lets you see invisible.
Wands
 m - a wand of hasting (3/9)
 r - a wand of digging (10/24)
 x - a wand of confusion (21/48)
 I - a wand of paralysis (7/24)
 L - a wand of digging (16/24)
 S - a wand of disintegration (13/24)
 U - a wand of heal wounds (9/9)
 W - a wand of iceblast (7/15)
Scrolls
 e - 2 scrolls of silence {!r}
 j - 5 scrolls of blinking
 k - 12 scrolls of magic mapping
 p - 2 scrolls of identify
 u - 21 scrolls of teleportation
 v - 8 scrolls of fog
 C - a scroll of recharging
 H - a scroll of summoning
 O - 7 scrolls of fear
 T - 16 scrolls of remove curse
Potions
 f - 7 potions of flight
 g - 5 potions of cancellation
 l - 4 potions of haste
 o - 8 potions of berserk rage {!q}
 q - 21 potions of curing
 z - 3 potions of magic
 B - a potion of ambrosia
 K - 5 potions of agility
 M - 5 potions of invisibility
 Q - 4 potions of resistance
 V - 7 potions of heal wounds
Miscellaneous
 n - 2 sacks of spiders
 w - a lamp of fire
 y - 3 boxes of beasts
 D - a phial of floods
 J - a fan of gales
Comestibles
 c - 13 bread rations
 A - a slice of pizza
 Y - 2 chunks of flesh


   Skills:
 - Level 15.0 Fighting
 * Level 15.7 Long Blades
 - Level 11.6 Armour
 - Level 15.0 Dodging
 - Level 1.7 Stealth
 + Level 16.5 Spellcasting
 - Level 18.0 Conjurations
 - Level 10.5 Charms
 - Level 5.2 Necromancy
 - Level 2.0 Translocations
 + Level 17.8 Air Magic
 - Level 11.1 Poison Magic
 - Level 10.0 Evocations


You had 3 spell levels left.
You knew the following spells:

 Your Spells              Type           Power        Failure   Level  Hunger
a - Poisonous Cloud       Conj/Pois/Air  ########..   1%          6    None
b - Lightning Bolt        Conj/Air       ########..   1%          5    None
c - Orb of Destruction    Conj           ########..   1%          7    None
d - Irradiate             Conj/Tmut      #######...   1%          5    None
e - Blink                 Tloc           N/A          1%          2    None
f - Airstrike             Air            ########..   0%          4    None
g - Poison Arrow          Conj/Pois      ########..   1%          6    None
h - Haste                 Chrm           ########     2%          6    None
i - Deflect Missiles      Chrm/Air       ########..   1%          6    None
r - Regeneration          Chrm/Necr      #######...   1%          3    None
w - Sublimation of Blood  Necr           #######...   1%          2    None
C - Corpse Rot            Necr           N/A          1%          2    None


Dungeon Overview and Level Annotations

Branches:
Dungeon (15/15)            Temple (0/1) D:7            Lair (8/8) D:11
  Swamp (4/4) Lair:3        Snake (4/4) Lair:6        Slime (6/6) Lair:6
    Orc (2/2) D:11            Elf (3/3) Orc:2        Vaults (5/5) D:13
  Crypt (3/3) Vaults:2       Tomb (0/3) Crypt:3      Depths (5/5) D:15
   Hell (1/1)                 Zot (0/5) Depths:5
    Dis: Hell:1         Geh: Hell:1         Coc: Hell:1         Tar: Hell:1

Shops:
D:6 *   D:7 ?   D:10 (   Orc:2 *([[?%%}[   Elf:1 [   Elf:3 }   Depths:1 [

Portals:
Hell: Depths:1 Depths:2 Depths:3 Depths:4 Depths:5
Abyss: Depths:2 Depths:4 Depths:5
Pandemonium: Depths:2 Depths:3 Depths:5
Ziggurat: Depths:2
Trove: Vaults:1 (give +6 demon blade)

Annotations:
Crypt:3 Tomb ring + pain dtrident
Depths:2 bb silence, exclusion: door


Innate Abilities, Weirdness & Mutations

You have an increased reservoir of magic. (+10% MP)
Your attributes are resistant to harm.
You have sharp toenails.
You are agile. (Dex +2)


Message History

Press: ? - help, Shift-Dir - straight line, f/p - tengu reaver
Aim: a tengu reaver, wielding a great mace of protection and wearing a scale mail (heavily wounded, poisoned)
You feel a surge of power!
The poison arrow hits the tengu reaver.
You kill the tengu reaver!
The battlesphere dissipates.
The vault warden hits you with a dire flail!!!
* * * LOW HITPOINT WARNING * * *
Unknown command.
Casting: Poison Arrow
Confirm with . or Enter, or press ? or * to list all spells.
Aiming: Poison Arrow
Press: ? - help, Shift-Dir - straight line, f - vault warden
Aim: a vault warden, wielding a dire flail and wearing a chain mail (moderately wounded)
You feel a surge of power!
The poison arrow hits the vault warden.
The vault warden is poisoned.
The vault warden is almost dead.
The vault warden misses you.
Unknown command.
The vault warden hits you with a dire flail!!
You die...

##################
(.......p.........
......T.@ยง........
##########........
#.........
#.....e#......
##)...##....#.
##...# ...# ##(..
.).# ##[. ..# ##.
..#


You could see a vault warden and a deep troll.

Vanquished Creatures
  the Royal Jelly (Slime:6)
  Khufu (Crypt:3)
  A juggernaut (Depths:5)
  The ghost of tstbtto the Peltast, a veteran DDFi of Ru (Depths:4)
  Margery (Vaults:3)
  Sojobo (Depths:3)
  Boris (twice) (Vaults:2)
  Vashnia (Snake:4)
  2 caustic shrikes (Depths:4)
  Geryon (Hell)
  Nikola (Swamp:1)
  A golden dragon (Depths:4)
  the Enchantress (Depths:3)
  An iron giant (Depths:4)
  A profane servitor (Crypt:3)
  4 bone dragons
  Jorgrun (Elf:2)
  A tentacled monstrosity (Depths:5)
  4 liches
  2 deep elf blademasters (Elf:3)
  2 titans (Vaults:5)
  2 deep elf master archers (Elf:3)
  A sphinx (Vaults:1)
  Murray (Hell)
  17 acid blobs
  A thorn hunter (Depths:3)
  3 ancient champions
  The ghost of Barrydekale the Fencer, an adept DsFi of Makhleb (Slime:6)
  9 greater nagas
  2 revenants
  5 tengu reavers
  21 azure jellies
  4 storm dragons
  5 shadow dragons
  10 fire giants
  Louise (Snake:1)
  Roxanne (Swamp:3)
  Donald (Vaults:3)
  Aizul (Vaults:1)
  Maud (D:14)
  20 vault wardens
  8 deep elf sorcerers
  8 frost giants
  A caustic shrike zombie (Crypt:1)
  An angel (Depths:2)
  5 deep elf elementalists
  A draconian zealot (Depths:5)
  2 spriggan defenders (Depths:3)
  2 curse skulls
  2 war gargoyles (Vaults:5)
  16 stone giants
  A reaper (Crypt:2)
  11 ironheart preservers
  22 very ugly things
  2 ghouls
  A black draconian (Depths:5)
  A draconian caller (Depths:5)
  9 vampire knights
  A green draconian (Depths:5)
  11 deep elf demonologists
  A yellow draconian (Depths:5)
  Azrael (D:14)
  8 deep elf annihilators
  2 lorocyprocas
  4 spark wasps (Depths:5)
  2 mottled draconians (Depths:5)
  Snorg (Lair:3)
  A white draconian (Depths:5)
  2 eidola (Crypt:3)
  16 death oozes
  9 ettins
  45 vault guards
  A crystal guardian (Vaults:3)
  6 fire dragons
  21 deep elf death magi
  2 mummy priests (Crypt:3)
  15 jiangshi (Crypt:3)
  15 yaktaur captains
  14 naga warriors
  6 entropy weavers
  4 ice dragons
  5 deep elf high priests
  Harold (Lair:3)
  20 hydras
  4 spriggan air magi
  A rakshasa (Vaults:2)
  14 great orbs of eyes
  5 ghost crabs
  13 anacondas
  A catoblepas (shapeshifter) (Depths:4)
  4 catoblepae
  12 death knights
  The ghost of tstbtto the Severer, a novice HOGl of Trog (Lair:2)
  29 dancing weapons
  4 alligators
  A satyr (Depths:3)
  11 centaur warriors
  10 deep troll shamans
  13 ogre magi
  7 tengu warriors
  8 death yaks
  A hell hog (Depths:5)
  7 vampire magi
  7 orc high priests
  7 deep troll earth magi
  14 naga sharpshooters
  A shock serpent (shapeshifter) (D:12)
  4 shock serpents
  9 spriggan berserkers
  5 spriggans
  30 deep elf knights
  6 soul eaters
  A fire crab (Vaults:5)
  9 salamander mystics
  2 wizards
  An anaconda zombie (Crypt:3)
  8 hell knights
  32 skeletal warriors
  A storm dragon skeleton (Crypt:1)
  2 death drakes (shapeshifter)
  5 shadow wraiths
  A quicksilver dragon simulacrum (Crypt:1)
  A fire crab (shapeshifter) (Depths:4)
  3 iron trolls (Depths:2)
  2 unseen horrors
  23 deep trolls
  A shambling mangrove (Swamp:4)
  A spriggan druid (Swamp:4)
  5 swamp dragons
  2 golden dragon zombies
  8 naga ritualists
  4 giant orange brains
  A lindwurm (Lair:8)
  4 flayed ghosts
  15 deep elf archers
  2 spectral hydras (Swamp:4)
  20 orc knights
  10 mana vipers
  11 ironbrand convokers
  4 hill giants
  10 phantasmal warriors
  3 necromancers
  A lindwurm (shapeshifter) (Elf:3)
  73 deep elf magi
  An anaconda skeleton (Crypt:1)
  A harpy (Vaults:2)
  5 cyclopes
  4 wolf spiders
  4 orc sorcerers
  28 ugly things
  4 hornets
  A spectral alligator (Crypt:3)
  An iron dragon zombie (Crypt:1)
  6 fauns (Depths:3)
  7 griffons
  A sphinx skeleton (Crypt:2)
  4 manticores
  3 shining eyes
  An ice statue (IceCv)
  5 guardian serpents
  23 salamanders
  14 elephants
  2 centaur zombies
  24 black mambas
  8 vault sentinels
  2 water nymphs (Depths:3)
  A sixfirhy (Depths:5)
  Psyche (D:12)
  A guardian serpent (shapeshifter) (D:14)
  An eye of devastation (shapeshifter) (Elf:3)
  3 gargoyles
  25 naga magi
  An eye of devastation (Slime:3)
  5 kobold demonologists
  2 orange demons (Depths:2)
  A fire giant skeleton (Crypt:3)
  3 small abominations
  16 spiny frogs
  6 swamp worm zombies (Swamp:4)
  49 yaktaurs
  15 freezing wraiths
  5 rime drakes
  An efreet (D:14)
  A komodo dragon (shapeshifter) (Vaults:1)
  7 tengu conjurers
  2 hellwings
  11 komodo dragons
  A yaktaur (shapeshifter) (Vaults:1)
  12 trolls
  9 guardian mummies
  A demonic crawler (Depths:5)
  A harpy zombie (Crypt:1)
  3 hydra zombies (Swamp:4)
  18 polar bears
  A queen bee (D:9)
  A queen bee (shapeshifter) (Depths:1)
  20 two-headed ogres
  5 giant leeches
  A giant leech (shapeshifter) (Depths:4)
  A jumping spider (Depths:4)
  A polar bear (shapeshifter) (Depths:5)
  Prince Ribbit (D:6)
  6 blink frogs
  2 boulder beetles
  103 slime creatures
  2 spectral swamp dragons (Swamp:4)
  An ettin zombie (Crypt:1)
  A minotaur skeleton (Crypt:1)
  54 flying skulls (Crypt:3)
  2 alligator zombies (Swamp:4)
  A redback (shapeshifter) (Vaults:5)
  7 bog bodies
  7 air elementals
  Sigmund (D:6)
  14 wraiths
  A wyvern (shapeshifter) (Vaults:1)
  6 shadows
  16 redbacks
  A tarantella (shapeshifter) (Vaults:4)
  A tarantella (Vaults:5)
  4 wyverns
  8 water elementals
  52 yaks
  9 hippogriffs
  2 ynoxinuls
  A golden eye (shapeshifter) (Vaults:2)
  11 fire elementals
  2 golden eyes (Slime:6)
  5 basilisks
  4 wargs
  4 hungry ghosts
  2 mottled dragons
  45 vampire mosquitoes
  19 swamp worms
  A naga (shapeshifter) (Vaults:4)
  61 nagas
  12 insubstantial wisps (Swamp:4)
  A soldier ant (shapeshifter) (Elf:2)
  2 hell hounds (D:14)
  A soldier ant (D:9)
  18 water moccasins
  Duvessa (D:5)
  A faun skeleton (Crypt:1)
  14 porcupines
  Purgy (Sewer)
  A sky beast (shapeshifter) (Depths:1)
  57 orc warriors
  2 ettin simulacra
  2 black bears
  4 necrophages (Crypt:3)
  A hornet simulacrum (D:14)
  13 ice beasts
  5 swamp drakes
  2 sky beasts
  4 swamp dragon zombies (Swamp:4)
  12 wasps
  46 ogres
  9 phantoms
  26 centaurs
  A tengu (shapeshifter) (D:15)
  4 eyes of draining
  26 wolves
  6 boggarts
  A centaur (shapeshifter) (Depths:3)
  A rime drake zombie (Crypt:2)
  A manticore skeleton (Crypt:2)
  11 crocodiles
  7 big kobolds
  30 giant frogs
  8 gnoll sergeants (Bailey)
  5 earth elementals
  A hell hound zombie (Crypt:1)
  2 scorpions
  A water moccasin skeleton (D:11)
  Dowan (D:6)
  A warg skeleton (Crypt:1)
  31 killer bees
  21 wights
  4 electric eels
  A spriggan skeleton (Crypt:2)
  2 vampire bats (Orc:2)
  3 giant frog zombies
  2 howler monkeys
  31 jellies
  Crazy Yiuf (D:4)
  5 crimson imps
  6 centaur skeletons
  6 gnoll shamans (Bailey)
  35 orc priests
  6 hounds
  18 orc wizards
  3 giant frog skeletons
  A porcupine zombie (Crypt:1)
  2 spectral swamp drakes (Swamp:4)
  A black bear skeleton (Crypt:2)
  10 iguanas
  16 worker ants
  5 hell rats (Lair:2)
  25 sheep
  A crocodile skeleton (Crypt:1)
  A deep dwarf skeleton (Crypt:1)
  2 hound skeletons
  2 worker ant zombies
  20 adders
  14 gnolls (Bailey)
  58 river rats
  2 swamp drake zombies (Swamp:4)
  2 shadow imps
  6 oozes
  A halfling zombie (Crypt:1)
  A sheep zombie (Crypt:2)
  4 adder skeletons
  5 worms
  3 dart slugs
  5 giant geckos
  85 orcs
  2 ball pythons
  7 giant cockroaches
  6 goblins
  5 hobgoblins
  2 jackals (D:2)
  4 quokkas
  10 bats
  A giant gecko zombie (D:6)
  7 giant newts
  A jackal zombie (D:6)
  21 kobolds
  9 rats
  7 lost souls
  3 plants (Depths:3)
2652 creatures vanquished.

Vanquished Creatures (others)
  A two-headed ogre (Vaults:5)
  A slime creature (Swamp:1)
  An orc wizard (Vaults:5)
  An orc (Vaults:5)
  4 fungi
  93 plants
101 creatures vanquished.

Grand Total: 2753 creatures vanquished

Notes
Turn   | Place    | Note
--------------------------------------------------------------
     0 | D:1      | hypermopl the Demigod Venom Mage began the quest for the Orb.
     0 | D:1      | Reached XP level 1. HP: 14/14 MP: 5/5
   796 | D:1      | Reached XP level 2. HP: 20/20 MP: 4/7
   800 | D:1      | Learned a level 2 spell: Cure Poison
  1173 | D:2      | Reached skill level 1 in Conjurations
  1177 | D:2      | Reached XP level 3. HP: 26/26 MP: 4/8
  1185 | D:2      | Learned a level 3 spell: Mephitic Cloud
  1588 | D:2      | Found a sparkling altar of Nemelex Xobeh.
  1589 | D:2      | Found a basalt altar of Yredelemnul.
  1866 | D:2      | Found a shadowy altar of Dithmenos.
  2033 | D:3      | Reached XP level 4. HP: 33/33 MP: 8/10
  2060 | D:3      | Found a faded altar of an unknown god.
  2112 | D:3      | Reached skill level 1 in Air Magic
  2278 | D:3      | Found a glowing drain.
  2366 | Sewer    | Entered a sewer
  2384 | Sewer    | Noticed Purgy
  2385 | Sewer    | Killed Purgy
  2385 | Sewer    | Reached skill level 2 in Conjurations
  2385 | Sewer    | Reached skill level 5 in Poison Magic
  2385 | Sewer    | Reached XP level 5. HP: 37/38 MP: 7/11
  3469 | D:3      | Reached XP level 6. HP: 24/45 MP: 3/13
  3884 | D:4      | Found a glowing golden altar of the Shining One.
  4433 | D:4      | Noticed Crazy Yiuf
  4441 | D:4      | Killed Crazy Yiuf
  4755 | D:5      | Entered Level 5 of the Dungeon
  5142 | D:5      | Reached skill level 3 in Conjurations
  5184 | D:5      | Learned a level 5 spell: Venom Bolt
  5303 | D:5      | Reached XP level 7. HP: 49/50 MP: 14/14
  5497 | D:6      | Noticed Sigmund
  5511 | D:6      | Killed Sigmund
  5513 | D:6      | Noticed Prince Ribbit
  5554 | D:6      | Found Docikhas's General Store.
  5566 | D:6      | Bought a potion of curing for 39 gold pieces
  5566 | D:6      | Bought a potion of berserk rage for 65 gold pieces
  5566 | D:6      | Bought a scroll of magic mapping for 45 gold pieces
  5765 | D:6      | Found a bloodstained altar of Trog.
  6218 | D:6      | Noticed Duvessa
  6218 | D:6      | Noticed Dowan
  6226 | D:6      | Killed Dowan
  6255 | D:5      | Killed Duvessa
  6670 | D:6      | Killed Prince Ribbit
  6670 | D:6      | Reached skill level 4 in Conjurations
  6670 | D:6      | Reached XP level 8. HP: 49/57 MP: 12/17
  6685 | D:6      | Upgraded the game from 0.19-a0-459-gb8ed64d to 0.19-a0-465-g1d1674b
  6811 | D:6      | Learned a level 4 spell: Iskenderun's Mystic Blast
  7398 | D:7      | Found Zipestav's Magic Scroll Boutique.
  7405 | D:7      | Bought a scroll of identify for 26 gold pieces
  7405 | D:7      | Bought a scroll of identify for 26 gold pieces
  7405 | D:7      | Bought a scroll of identify for 26 gold pieces
  7405 | D:7      | Bought a scroll of teleportation for 39 gold pieces
  7405 | D:7      | Bought a scroll of teleportation for 39 gold pieces
  7405 | D:7      | Bought a scroll of teleportation for 39 gold pieces
  7405 | D:7      | Bought a scroll of identify for 26 gold pieces
  7665 | D:7      | Reached skill level 5 in Conjurations
  7729 | D:7      | Found a staircase to the Ecumenical Temple.
  7914 | D:8      | Found a flagged portal.
  7927 | Bailey   | Entered a bailey
  8201 | Bailey   | Reached XP level 9. HP: 53/62 MP: 4/20
  8338 | Bailey   | Reached skill level 5 in Spellcasting
  8414 | Bailey   | Reached skill level 1 in Evocations
  8415 | Bailey   | Reached skill level 6 in Conjurations
  8678 | Bailey   | Got a pair of transparent gloves
  8684 | Bailey   | Identified the +2 pair of gloves "Woen" {Str+3} (You found it in a bailey)
  9625 | D:9      | Reached skill level 7 in Conjurations
  9892 | D:9      | Learned a level 4 spell: Olgreb's Toxic Radiance
 10090 | D:9      | Reached XP level 10. HP: 65/69 MP: 10/22
 10091 | D:9      | Reached skill level 8 in Conjurations
 10426 | D:9      | Noticed a manticore
 10435 | D:9      | Noticed an unseen horror
 10445 | D:9      | Killed an unseen horror
 10708 | D:9      | Killed a manticore
 10708 | D:9      | Reached skill level 9 in Conjurations
 10888 | D:10     | Entered Level 10 of the Dungeon
 11319 | D:10     | Reached skill level 5 in Evocations
 11344 | D:10     | Found Cuaprauti's Weapon Emporium.
 11413 | D:10     | Reached skill level 1 in Fighting
 11413 | D:10     | Reached XP level 11. HP: 51/77 MP: 19/25
 11912 | D:11     | Reached skill level 10 in Conjurations
 12721 | D:11     | Noticed a death knight
 12725 | D:11     | Noticed a phantasmal warrior
 12728 | D:11     | Noticed a skeletal warrior
 12736 | D:11     | Killed a phantasmal warrior
 12746 | D:11     | Killed a death knight
 13207 | D:11     | Killed a skeletal warrior
 13307 | D:11     | Found a staircase to the Orcish Mines.
 13308 | D:11     | Found a staircase to the Lair.
 13317 | Lair:1   | Entered Level 1 of the Lair of Beasts
 13356 | D:11     | Identified a -1 rod of inaccuracy (9/9) (You found it on level 11 of the Dungeon)
 14066 | Lair:1   | Noticed an eight-headed hydra
 14071 | Lair:1   | Killed an eight-headed hydra
 14071 | Lair:1   | Reached skill level 11 in Conjurations
 15024 | Lair:2   | Noticed tstbtto's ghost (novice HOGl)
 15044 | Lair:2   | Identified the Catalogue of Contamination
 15064 | Lair:2   | Killed tstbtto's ghost
 15064 | Lair:2   | Reached XP level 12. HP: 91/91 MP: 6/28
 15195 | Lair:2   | Got a dazzling quarterstaff
 15196 | Lair:2   | Identified the +10 quarterstaff "Veqovvus" {freeze, MR+++ Str-5 Dex+7 Stlth+} (You found it on level 2 of the Lair of Beasts)
 15560 | Lair:3   | Reached skill level 5 in Dodging
 15659 | Lair:3   | Noticed a catoblepas
 15669 | Lair:3   | Killed a catoblepas
 15906 | Lair:3   | Noticed a five-headed hydra
 15911 | Lair:3   | Killed a five-headed hydra
 15937 | Lair:3   | Found a staircase to the Swamp.
 16048 | Lair:3   | Reached skill level 5 in Fighting
 16130 | Lair:3   | Noticed a five-headed hydra
 16134 | Lair:3   | Noticed Snorg
 16134 | Lair:3   | Killed a five-headed hydra
 16181 | Lair:3   | Killed Snorg
 16181 | Lair:3   | Reached skill level 12 in Conjurations
 16294 | Lair:3   | Noticed a seven-headed hydra
 16299 | Lair:3   | Killed a seven-headed hydra
 16429 | Lair:3   | Noticed Harold
 16436 | Lair:3   | Killed Harold
 16662 | Lair:1   | Learned a level 4 spell: Airstrike
 17950 | Lair:5   | Reached skill level 5 in Air Magic
 17967 | Lair:5   | Noticed a six-headed hydra
 17984 | Lair:5   | Killed a six-headed hydra
 18585 | Lair:6   | Noticed a five-headed hydra
 18637 | Lair:6   | Killed a five-headed hydra
 18637 | Lair:6   | Reached XP level 13. HP: 102/102 MP: 13/30
 18930 | Lair:6   | Found a staircase to the Snake Pit.
 18941 | Lair:6   | Found a staircase to the Slime Pits.
 18945 | Lair:6   | Found a viscous altar of Jiyva.
 19477 | Lair:7   | Found a frozen archway.
 19641 | IceCv    | Entered an ice cave
 19668 | IceCv    | Reached skill level 13 in Conjurations
 19891 | IceCv    | Learned a level 2 spell: Repel Missiles
 19894 | IceCv    | Learned a level 2 spell: Blink
 20530 | IceCv    | Noticed a frost giant
 20546 | IceCv    | Killed a frost giant
 20708 | IceCv    | Identified Nunkul's Collected Works on the Congealing Escort (You found it in an ice cave)
 21978 | Lair:8   | Entered Level 8 of the Lair of Beasts
 22203 | Lair:8   | Reached XP level 14. HP: 108/111 MP: 5/32
 22816 | Lair:8   | Reached skill level 1 in Charms
 22970 | Lair:8   | Reached skill level 1 in Translocations
 22982 | Lair:8   | Reached skill level 10 in Spellcasting
 23005 | Lair:8   | Reached skill level 14 in Conjurations
 23736 | Orc:1    | Entered Level 1 of the Orcish Mines
 23860 | Orc:2    | Entered Level 2 of the Orcish Mines
 23865 | Orc:2    | Found Bewekk's Assorted Antiques.
 23871 | Orc:2    | Bought a runed robe for 16 gold pieces
 24542 | Orc:2    | Found Pommeze's Food Boutique.
 24723 | Orc:2    | Found Diohoqud's Food Emporium.
 25000 | Orc:2    | Found Buschouq's Armour Shoppe.
 25044 | Orc:2    | Found Cifat's Gadget Shop.
 25050 | Orc:2    | Found a staircase to the Elven Halls.
 25837 | Orc:2    | Found Awaonyp's Magic Scroll Emporium.
 25838 | Orc:2    | Found Wiparuat's Antique Weapon Emporium.
 25838 | Orc:2    | Found Zeufioqu's Armour Shoppe.
 25839 | Orc:2    | Found Biph's Antique Armour Emporium.
 25950 | Orc:2    | Bought a runed robe for 19 gold pieces
 26019 | Orc:2    | Bought a +1 helmet of see invisible for 181 gold pieces
 26303 | D:6      | Bought a book of Annihilations for 1435 gold pieces
 26310 | D:6      | Learned a level 6 spell: Poison Arrow
 26593 | Orc:2    | Bought a scroll of identify for 24 gold pieces
 26593 | Orc:2    | Bought a scroll of silence for 90 gold pieces
 26593 | Orc:2    | Bought 2 scrolls of magic mapping for 84 gold pieces
 26593 | Orc:2    | Bought a scroll of teleportation for 36 gold pieces
 26593 | Orc:2    | Bought a scroll of teleportation for 36 gold pieces
 26936 | D:12     | Noticed Psyche
 26936 | D:12     | Killed Psyche
 27334 | D:12     | Got a pair of translucent gloves
 27345 | D:12     | Identified the +2 pair of gloves of Greed {MR++ Str-3} (You found it on level 12 of the Dungeon)
 27457 | D:12     | Got a jet-studded leather armour
 27468 | D:12     | Identified the +2 leather armour of Foolhardiness {rElec Str-2 Stlth+} (You found it on level 12 of the Dungeon)
 27849 | Lair:1   | Identified a scroll of acquirement
 27973 | D:13     | Reached XP level 15. HP: 123/123 MP: 0/33
 28022 | D:12     | Found an oddly glowing altar of Pakellas.
 28147 | D:13     | Found a gate to the Vaults.
 28371 | D:13     | Reached skill level 15 in Conjurations
 28512 | D:13     | Found an oddly glowing altar of Pakellas.
 28674 | D:13     | Got an iridescent falchion
 28675 | D:13     | Identified the +5 falchion of Ziruph {freeze, Fragile Str+5} (You found it on level 13 of the Dungeon)
 28746 | D:13     | Found a basalt altar of Yredelemnul.
 29165 | D:14     | Noticed Maud
 29171 | D:14     | Killed Maud
 29753 | D:14     | Noticed Azrael
 29853 | D:14     | Reached skill level 10 in Poison Magic
 29875 | D:14     | Killed Azrael
 30406 | D:14     | Found an opulent altar of Gozag.
 30752 | D:15     | Entered Level 15 of the Dungeon
 30972 | D:15     | Got a scorched ivory ring
 30974 | D:15     | Identified the ring "Ofesiegga" {rC+ MP+9} (You found it on level 15 of the Dungeon)
 31161 | D:15     | Found a staircase to the Depths.
 32298 | Swamp:1  | Entered Level 1 of the Swamp
 32535 | Swamp:1  | Noticed Nikola
 32564 | Swamp:1  | Killed Nikola
 32564 | Swamp:1  | Reached skill level 10 in Dodging
 33349 | Swamp:2  | Reached XP level 16. HP: 58/132 MP: 2/35
 33480 | Swamp:2  | Identified a +0 rod of ignition (10/10) (You found it on level 2 of the Swamp)
 34854 | Swamp:3  | Reached skill level 10 in Fighting
 34909 | Swamp:3  | Noticed Roxanne
 35123 | Swamp:4  | Entered Level 4 of the Swamp
 35303 | Swamp:4  | Got a brightly glowing spear
 35304 | Swamp:4  | Identified the +8 spear of Purpose {pierce, +Rage rElec Int+5 Stlth-} (You found it on level 4 of the Swamp)
 36509 | Lair:1   | Learned a level 6 spell: Poisonous Cloud
 36606 | Elf:1    | Entered Level 1 of the Elven Halls
 37076 | Elf:1    | Reached skill level 1 in Armour
 37324 | Elf:1    | Found Mukhipn's Antique Armour Shop.
 37687 | Elf:1    | Got an iridescent dire flail
 37688 | Elf:1    | Identified the +1 dire flail "Noeli" {pain, +Inv Int-3 Dex+3} (You found it on level 1 of the Elven Halls)
 37715 | Elf:1    | Identified Fixog's Catalogue of Creation
 38307 | Elf:2    | Reached XP level 17. HP: 143/143 MP: 38/38
 38310 | Elf:2    | Found a runed gate.
 38314 | Elf:2    | Found a runed gate.
 38315 | Elf:2    | Got an encrusted battleaxe
 38316 | Elf:2    | Identified the +6 battleaxe of the Wraith {speed, rPois Dex+2} (You found it on level 2 of the Elven Halls)
 38334 | Elf:2    | Found a runed gate.
 38340 | Elf:2    | Noticed Jorgrun
 38342 | Elf:2    | Killed Jorgrun
 39272 | Elf:2    | Reached skill level 5 in Armour
 39677 | Elf:3    | Entered Level 3 of the Elven Halls
 39787 | Elf:3    | Found Elez Nejie's Gadget Emporium.
 40167 | Elf:3    | Noticed a deep elf blademaster
 40187 | Elf:3    | Killed a deep elf blademaster
 40233 | Elf:3    | Got a bone quarterstaff {crush}
 40246 | Elf:3    | Noticed a deep elf blademaster
 40249 | Elf:3    | Killed a deep elf blademaster
 40289 | Elf:3    | Identified the +7 quarterstaff "Fiopil" {crush, Dex+4} (You took it off a deep elf high priest on level 3 of the Elven Halls)
 40303 | Elf:3    | Got a jewelled troll leather armour
 40304 | Elf:3    | Identified the +3 troll leather armour "Unusker" {Regen+ rCorr Str-3 Slay+3} (You took it off a deep elf demonologist on level 3 of the Elven Halls)
 40831 | Elf:3    | Reached XP level 18. HP: 105/154 MP: 24/39
 41036 | Elf:3    | Got a faintly glowing spear {flame}
 41050 | Elf:3    | Identified the +5 spear of Lyphew {flame, +Inv rElec Int-4} (You took it off a deep elf death mage on level 3 of the Elven Halls)
 41571 | Elf:3    | Identified Sif Muna's Grimoire of the Butterfly
 41574 | Elf:3    | Identified Sif Muna's Disquisition on Calling
 42076 | Lair:1   | Learned a level 3 spell: Regeneration
 42599 | Snake:1  | Entered Level 1 of the Snake Pit
 42599 | Snake:1  | Noticed Louise
 42605 | Snake:1  | Killed Louise
 42605 | Snake:1  | Reached skill level 10 in Evocations
 42845 | Snake:1  | Reached skill level 1 in Necromancy
 42932 | Snake:1  | Gained mutation: You are agile. (Dex +2) [potion of beneficial mutation]
 46541 | Snake:3  | Reached skill level 5 in Charms
 46951 | Snake:4  | Entered Level 4 of the Snake Pit
 47185 | Snake:4  | Reached XP level 19. HP: 162/162 MP: 29/40
 47358 | Snake:4  | Reached skill level 5 in Necromancy
 47881 | Snake:4  | Noticed Vashnia
 47919 | Snake:4  | Killed Vashnia
 49134 | Snake:4  | Reached skill level 10 in Armour
 49255 | Snake:4  | Got a serpentine rune of Zot
 49765 | Lair:1   | Learned a level 7 spell: Orb of Destruction
 49910 | Swamp:3  | Killed Roxanne
 50142 | Vaults:1 | Entered Level 1 of the Vaults
 50300 | Vaults:1 | Noticed Aizul
 50530 | Vaults:1 | Killed Aizul
 51577 | Vaults:1 | Reached skill level 16 in Conjurations
 52207 | Vaults:1 | Got a transparent great mace
 52208 | Vaults:1 | Identified the +6 great mace of Tita {freeze, Fragile rN+ Str+3 SInv} (You found it on level 1 of the Vaults)
 52332 | Vaults:1 | Reached XP level 20. HP: 174/174 MP: 32/42
 52767 | Vaults:1 | Found a portal to a secret trove of treasure.
 53139 | Lair:1   | Upgraded the game from 0.19-a0-465-g1d1674b to 0.19-a0-503-g45a6586
 53467 | Vaults:2 | Found a staircase to the Crypt.
 53585 | Vaults:2 | Noticed Boris
 53600 | Vaults:2 | Killed Boris
 55721 | Vaults:3 | Noticed Donald
 55725 | Vaults:3 | Killed Donald
 55927 | Vaults:3 | Noticed Margery
 55944 | Vaults:3 | Killed Margery
 56329 | Vaults:3 | Reached skill level 15 in Dodging
 56336 | Vaults:3 | Reached skill level 15 in Fighting
 58332 | Vaults:4 | Reached XP level 21. HP: 184/184 MP: 36/44
 58368 | Vaults:4 | Reached skill level 17 in Conjurations
 58951 | Vaults:4 | Reached skill level 10 in Air Magic
 59407 | Slime:1  | Entered Level 1 of the Pits of Slime
 60439 | Slime:6  | Entered Level 6 of the Pits of Slime
 60789 | Slime:6  | Found a viscous altar of Jiyva.
 60791 | Slime:6  | Noticed the Royal Jelly
 60801 | Slime:6  | Killed the Royal Jelly
 60811 | Slime:6  | Noticed Barrydekale's ghost (adept DsFi)
 61069 | Slime:6  | Killed Barrydekale's ghost
 61387 | Slime:6  | Got a heavy robe
 61401 | Slime:6  | Identified a +5 rod of shadows (9/9) (You found it on level 6 of the Pits of Slime)
 61443 | Slime:6  | Identified the cursed +1 robe "Pied Gyx" {Int+5 Slay-4 SInv} (You found it on level 6 of the Pits of Slime)
 61454 | Slime:6  | Gained mutation: You have sharp toenails. [potion of beneficial mutation]
 61687 | Slime:6  | Got a slimy rune of Zot
 61723 | Slime:6  | Got a fine great mace
 61724 | Slime:6  | Identified the +1 great mace of Huoxkut {crush, rF+} (You found it on level 6 of the Pits of Slime)
 61727 | Slime:6  | Got a smoking war axe
 61728 | Slime:6  | Identified the +4 war axe of Xom's Envy {chop, +Blink} (You found it on level 6 of the Pits of Slime)
 61748 | Slime:6  | Got a twisted whip
 61752 | Slime:6  | Identified the +9 whip of Nicezo {slash, rC+ rN++ Int-5 Stlth+} (You found it on level 6 of the Pits of Slime)
 61967 | Lair:1   | Learned a level 5 spell: Lightning Bolt
 61973 | Lair:1   | Learned a level 5 spell: Irradiate
 62106 | Depths:1 | Entered Level 1 of the Depths
 62184 | Depths:1 | Found a gateway to Hell.
 62269 | Depths:1 | Found Corug's Armour Boutique.
 62489 | Depths:1 | Reached skill level 18 in Conjurations
 62584 | Depths:1 | Reached skill level 15 in Spellcasting
 62588 | Depths:1 | Reached XP level 22. HP: 152/192 MP: 15/47
 62716 | Depths:1 | Got a twitching granite ring
 62723 | Depths:1 | Identified the cursed ring "Amunof" {rF+ rN++ AC-3 Int+8 Dex-5} (You found it on level 1 of the Depths)
 63463 | Depths:2 | Found a one-way gate to the infinite horrors of the Abyss.
 63622 | Depths:2 | Found a one-way gate leading to the halls of Pandemonium.
 64148 | Depths:2 | Found a gateway to a ziggurat.
 64436 | Lair:1   | Upgraded the game from 0.19-a0-503-g45a6586 to 0.19-a0-517-gd6a9987
 64445 | Lair:1   | Learned a level 6 spell: Haste
 64543 | Crypt:1  | Entered Level 1 of the Crypt
 64563 | Crypt:1  | Noticed Boris
 64588 | Vaults:2 | Killed Boris
 64588 | Vaults:2 | Reached skill level 1 in Long Blades
 64933 | Crypt:1  | Reached skill level 15 in Air Magic
 65231 | Crypt:1  | Got a faintly glowing plate armour
 65232 | Crypt:1  | Identified the cursed +1 plate armour "Ninivur" {rF- rN++ SInv} (You found it on level 1 of the Crypt)
 66520 | Crypt:3  | Entered Level 3 of the Crypt
 66685 | Crypt:3  | Reached skill level 5 in Long Blades
 67500 | Crypt:3  | Found an ancient bone altar of Kikubaaqudgha.
 67840 | Crypt:3  | Reached XP level 23. HP: 163/199 MP: 29/48
 68080 | Crypt:3  | Identified Xete's Handbook of Evil
 68124 | Crypt:3  | Learned a level 2 spell: Sublimation of Blood
 68497 | Crypt:3  | Noticed Khufu
 68503 | Crypt:3  | Killed Khufu
 68609 | Crypt:3  | Found a staircase to the Tomb.
 68967 | Crypt:3  | Got a vibrating steel ring
 68969 | Crypt:3  | Identified the ring "Ofetoqag" {rElec rN+ SInv} (You found it on level 3 of the Crypt)
 68972 | Crypt:3  | Got a scintillating amber ring
 68974 | Crypt:3  | Identified the ring "Boovun" {rPois rN+} (You found it on level 3 of the Crypt)
 68981 | Crypt:3  | Got a sparkling copper ring
 68982 | Crypt:3  | Identified the ring "Jemojidy" {Ice SInv} (You found it on level 3 of the Crypt)
 68997 | Crypt:3  | Learned a level 2 spell: Corpse Rot
 70038 | Depths:3 | Reached skill level 10 in Long Blades
 70194 | Depths:3 | Reached skill level 10 in Charms
 70236 | Depths:3 | Noticed Sojobo
 70269 | Depths:3 | Killed Sojobo
 70589 | Depths:3 | Got a transparent emerald amulet
 70593 | Depths:3 | Identified the amulet "Edesk" {*Confuse +Rage rF+ Dex+4} (You took it off a yaktaur captain on level 3 of the Depths)
 70916 | Depths:3 | Noticed the Enchantress
 70921 | Depths:3 | Killed the Enchantress
 70970 | Depths:3 | Got a faerie dragon armour
 70983 | Depths:3 | Identified the +7 faerie dragon armour {+Inv} (You took it off the Enchantress on level 3 of the Depths)
 71019 | Depths:3 | Got a translucent ring mail
 71030 | Depths:3 | Identified the +1 ring mail of Resonance {rCorr} (You found it on level 3 of the Depths)
 71038 | Depths:3 | Got a polished leather armour
 71044 | Depths:3 | Identified the cursed +0 leather armour of Thoughtfulness {rElec rPois rN+ Int-2} (You found it on level 3 of the Depths)
 71503 | Depths:4 | Noticed tstbtto's ghost (veteran DDFi)
 71511 | Depths:4 | Killed tstbtto's ghost
 71974 | Depths:4 | Identified Adoh's Reference Book on Displaced Summoning
 72287 | Depths:4 | Reached XP level 24. HP: 201/202 MP: 32/49
 72377 | Depths:5 | Entered Level 5 of the Depths
 72536 | Depths:5 | Noticed a juggernaut
 72537 | Depths:5 | Found a corrupted altar of Lugonu.
 72540 | Depths:5 | Killed a juggernaut
 73340 | Depths:5 | Found a gate to the Realm of Zot.
 73699 | Hell     | Entered the Vestibule of Hell
 73699 | Hell     | Noticed Murray
 73699 | Hell     | Noticed Geryon
 73703 | Hell     | Killed Murray
 73796 | Hell     | Killed Geryon
 74303 | Lair:1   | Learned a level 6 spell: Deflect Missiles
 74845 | Swamp:4  | Got a decaying rune of Zot
 75366 | Vaults:5 | Entered Level 5 of the Vaults
 76403 | Vaults:5 | Got a silver rune of Zot
 76426 | Vaults:5 | Reached skill level 15 in Long Blades
 76704 | Vaults:5 | Got a translucent ring mail
 76715 | Vaults:5 | Identified the cursed +0 ring mail of the Tired Wars {rElec Str-3 Dex+5} (You found it on level 5 of the Vaults)
 76755 | Vaults:5 | Reached XP level 25. HP: 185/207 MP: 1/49
 77071 | Vaults:5 | Slain by a vault warden

Vault maps used:
D:1:      matt_arrival_grand_opening, hangedman_decor_push
D:2:      lemuel_round_altar, gammafunk_temple_overflow_pools
D:3:      portal_sewer_entry_e, ecumenical_altar_1, first_bread, st_stairs_11
D:4:      nicolae_tso_swordbearing_angel, uniq_crazy_yiuf_cottage
D:6:      kennysheep_mini_moat, serial_shops, shop, uniq_prince_ribbit1,
          uniq_duvessa, uniq_sigmund
D:7:      minmay_temple_entry_junction, serial_shops, shop
D:8:      enter_bailey_2
D:9:      special_room, hangedman_pestilent_swarm, grunt_tough_drop
D:10:     serial_shops, nicolae_shop_waterfront
D:11:     minmay_ornate_pinched, lair_0_dummy
D:12:     lemuel_upstairs_altar, kennysheep_island_fort, uniq_psyche
D:13:     erik_vaults_2, basic_altar, grunt_pakellas_salt
D:14:     kennysheep_blocky_hall, nicolae_gozag_seed_capital, uniq_azrael,
          uniq_maud
D:15:     grunt_enter_depths_snipers, amethyst_killhole, stair_cage_cross
Lair:1:   grunt_megastairs_4
Lair:3:   swamp_mist, serial_bayou_shore_b, grunt_megastairs_2, uniq_harold,
          uniq_snorg
Lair:6:   minmay_snake_entry_guardpost_small, slime_altar_1,
          infiniplex_staircase_pool, serial_bayou_shore_a, lemuel_fruit_tree
Lair:7:   portal_ice_cave_entry_ice_beasts, serial_bayou, serial_bayou_shore_b,
          serial_bayou_lake_a, serial_bayou_ford_a, serial_bayou_pond_d,
          kennysheep_basilisk_garden
Lair:8:   grunt_lair_end_beastmaster, grunt_forest_large_clearings,
          grunt_megastairs_5
Swamp:1:  evilmike_swamp_ruin_house_5, uniq_nikola
Swamp:2:  evilmike_swamp_ruin_wall, swamp_pool1
Swamp:3:  serial_swamp_ruin, hangedman_swamp_ruin_hall,
          evilmike_swamp_ruin_rubble_1, evilmike_swamp_ruin_house_6,
          uniq_roxanne
Swamp:4:  swamp_pestilence
Snake:1:  uniq_louise
Snake:2:  cheibrodos_snake_lava_hold, serial_bayou_shore_b,
          basic_stair_grate_trap
Snake:4:  johnstein_snake_rune_scales
Slime:2:  basic_altar
Orc:1:    guppyfry_library_mini
Orc:2:    st_orc_pillars, serial_shops, shop, shop, shop, nicolae_shop_crystal,
          nicolae_shop_crystal, roderic_batcave
Elf:1:    elf_arrival_001, serial_shops, nicolae_shop_stone,
          minmay_elf_demonology
Elf:2:    basic_stair_grate_trap, uniq_jorgrun
Elf:3:    grunt_elf_hall_diamonds, serial_shops, shop, spider_trap,
          serial_sigils_hangedman_leer
Vaults:1: nicolae_vaults_little_squares_2, st_greater_box_4, v_misc_23,
          vaults_room_corners, nicolae_vaults_yaktaur_gun_rack, v_misc_16,
          nicolae_vaults_ring_of_whatevers, nicolae_vaults_gold_heap,
          ontoclasm_vaults_decontamination, grunt_vaults_diagonal,
          nicolae_vaults_border_crossing, grunt_vaults_bifocal, v_misc_17,
          vaults_room_corners, nicolae_vaults_little_squares_1,
          nicolae_trove_entry_path_of_doom, uniq_aizul
Vaults:2: v_rooms_1, st_lines, nicolae_vaults_circle_grid_a, v_misc_1,
          vaults_room_door_ring, v_pattern_2, v_misc_11, vaults_room_door_hall,
          v_rooms_3, minmay_crypt_entry_simple_box, vaults_dpeg_hooks,
          uniq_boris
Vaults:3: nicolae_vaults_little_ls, vaults_room_octagon, v_misc_17, v_misc_33,
          nicolae_vaults_mini_display_case, hangedman_vaults_maws, v_misc_10,
          nicolae_vaults_network_square, ontoclasm_vaults_tryst,
          ontoclasm_vaults_gateway, hangedman_vaults_impose, vaults_room_pools,
          uniq_donald, uniq_margery
Vaults:4: v_misc_1, vaults_standard_mumra_lines, nicolae_vaults_display_case,
          serial_ice_g, vaults_dpeg_ring, hangedman_vaults_corner,
          hangedman_vaults_trim, vaults_room_stairs_pillars,
          vaults_mumra_chevron, v_misc_30, nicolae_vaults_ring_of_whatevers,
          v_misc_4
Vaults:5: serial_shops
Crypt:1:  grunt_ministairs_12, grunt_crypt_arrival_split, uniq_boris
Crypt:3:  grunt_crypt_end_deaths_head
Depths:1: hell_entry, serial_shops, shop, nrook_mini_backslash,
          eino_tiny_chamber, minmay_misc_feat_iff, minmay_misc_feat_hallway,
          minmay_acid_items
Depths:2: evilmike_wizard_prison, enter_ziggurat_f, rand_demon_pan_entry_8,
          abyss_entry, hell_entry, basic_stair_grate_trap
Depths:3: grunt_forest_end_winery, pan_entry, nrook_uturn, pf_coc_iceberg,
          infiniplex_staircase_zigzag_4, basic_stair_grate_trap, uniq_sojobo
Depths:4: kennysheep_bubble_arena, abyss_entry, corexii_hall_statues_l,
          hell_entry, minmay_staircase_windowed_small
Depths:5: grunt_zot_entry_alcove, rand_demon_pan_entry_5, grunt_decor_arrowhead,
          hell_entry, abyss_entry, grunt_ministairs_10, tgw_lugonu_bribe
Sewer:    kennysheep_door_sewer
Bailey:   bailey_polearm_gnolls_kennysheep, bailey
IceCv:    ice_cave_caverns_03

Skill      XL: |  1  2  3  4  5  6  7  8  9 10 11 12 13 14 15 16 17 18 19 20 21 22 23 24 |
---------------+-------------------------------------------------------------------------+-----
Spellcasting   | 2 3 4 5 7 8 9 10 12 13 15 16 | 16.5
Poison Magic   | 4 5 7 8 9 10 11 | 11.1
Conjurations   | 1 2 3 4 5 7 9 11 12 13 14 15 16 18 | 18.0
Air Magic      | 1 2 3 5 7 8 9 12 16 17 | 17.8
Evocations     | 3 5 7 9 10 | 10.0
Dodging        | 2 4 6 7 9 10 11 12 13 14 15 | 15.0
Fighting       | 1 4 5 6 8 9 10 12 14 15 | 15.0
Charms         | 1 5 8 10 | 10.5
Translocations | 2 |  2.0
Armour         | 3 6 8 10 11 | 11.6
Necromancy     | 4 5 |  5.2
Long Blades    | 6 12 15 | 15.7
Stealth        | |  1.7

Action                   |  1- 3 |  4- 6 |  7- 9 | 10-12 | 13-15 | 16-18 | 19-21 | 22-24 | 25-27 || total
-------------------------+-------+-------+-------+-------+-------+-------+-------+-------+-------++-------
Melee: Unarmed           |    12 |       |       |       |       |       |       |       |       ||    12
       Dagger            |    44 |       |       |       |       |       |       |       |       ||    44
       Spear             |       |    61 |       |       |       |       |       |       |       ||    61
       Quarterstaff      |       |    56 |    83 |    28 |    84 |       |       |       |       ||   251
       Staff             |       |       |     1 |     4 |    75 |    10 |    49 |    11 |       ||   150
       Double sword      |       |       |       |       |       |       |       |    66 |     9 ||    75
Throw: Tomahawk          |       |       |    10 |       |       |       |       |       |       ||    10
 Cast: Sting             |    62 |    99 |   264 |    79 |    17 |       |       |       |       ||   521
       Cure Poison       |     1 |     1 |     1 |       |       |       |       |       |       ||     3
       Mephitic Cloud    |       |     5 |    22 |     7 |    10 |     3 |       |       |       ||    47
       Iskenderun's Myst |       |       |    23 |   140 |   217 |   335 |   241 |       |       ||   956
       Venom Bolt        |       |       |    10 |    44 |   138 |    57 |    70 |       |       ||   319
       Olgreb's Toxic Ra |       |       |     4 |   106 |   204 |    18 |    18 |    12 |       ||   362
       Airstrike         |       |       |       |     5 |    68 |   213 |   345 |   266 |     1 ||   898
       Blink             |       |       |       |       |    11 |     3 |    62 |    40 |       ||   116
       Repel Missiles    |       |       |       |       |     1 |     8 |     9 |     3 |       ||    21
       Poison Arrow      |       |       |       |       |    61 |   252 |   225 |   307 |    20 ||   865
       Poisonous Cloud   |       |       |       |       |       |     7 |    40 |    10 |       ||    57
       Regeneration      |       |       |       |       |       |     8 |    56 |    62 |     1 ||   127
       Orb of Destructio |       |       |       |       |       |       |   198 |   308 |     2 ||   508
       Lightning Bolt    |       |       |       |       |       |       |    12 |   157 |     7 ||   176
       Haste             |       |       |       |       |       |       |       |     4 |       ||     4
       Sublimation of Bl |       |       |       |       |       |       |       |     3 |       ||     3
       Deflect Missiles  |       |       |       |       |       |       |       |     1 |       ||     1
       Irradiate         |       |       |       |       |       |       |       |     1 |       ||     1
 Abil: Evoke Flight      |       |       |       |       |       |       |       |     1 |       ||     1
Evoke: Staff of energy   |       |       |   111 |   310 |   760 |  1178 |  1695 |  1710 |    40 ||  5804
       Wand              |       |       |       |       |     4 |     4 |     5 |       |       ||    13
       Phial of floods   |       |       |       |       |     1 |       |     1 |       |       ||     2
       Lamp of fire      |       |       |       |       |       |       |     1 |     1 |       ||     2
       Fan of gales      |       |       |       |       |       |       |     1 |       |       ||     1
  Use: Scroll            |       |    11 |     5 |    14 |     9 |     8 |    19 |    14 |     2 ||    82
       Potion            |       |       |       |       |       |     3 |     2 |     1 |     1 ||     7
 Stab: Sleeping          |     4 |     3 |       |       |     1 |       |       |       |       ||     8
       Confused          |       |     1 |       |       |       |       |       |       |       ||     1
       Petrified         |       |       |     1 |       |       |       |       |       |       ||     1
       Petrifying        |       |       |       |     1 |       |       |       |       |       ||     1
  Eat: Chunk             |     4 |    11 |    24 |    50 |    82 |   151 |   129 |   155 |     4 ||   610
       Royal jelly       |       |       |     1 |     4 |     1 |     1 |       |       |       ||     7
       Beef jerky        |       |       |     1 |     1 |       |       |     1 |     1 |       ||     4
       Pizza             |       |       |     1 |       |     3 |       |     2 |       |       ||     6
       Fruit             |       |       |     2 |       |       |       |     3 |       |       ||     5
       Bread ration      |       |       |       |       |     5 |       |     9 |     1 |       ||    15
Armor: Robe              |    14 |    31 |    20 |    39 |   100 |    26 |    68 |    67 |     6 ||   371
       Skin              |       |       |       |     1 |       |       |       |       |       ||     1
Dodge: Dodged            |    43 |    90 |   203 |   240 |   757 |   403 |   915 |   782 |    35 ||  3468
       Deflected         |       |       |       |       |    12 |    48 |    81 |    28 |       ||   169
